 Dungeon Crawl Stone Soup version 0.21.0-3-g78d12a8 (webtiles) character file.

312 Gorglomux the Cutter (level 6, -4/32 HPs)
             Began as a Vine Stalker Gladiator on Jan 10, 2018.
             Was a Follower of Wu Jian.
             Slain by a gnoll
             ... wielding a +0 halberd
              (13 damage)
             ... on level 3 of the Dungeon.
             The game lasted 00:02:59 (1931 turns).

Gorglomux the Cutter (Vine Stalker Gladiator)       Turns: 1931, Time: 00:02:59

Health: -4/32      AC:  4    Str: 19    XL:     6   Next: 42%
Magic:  0/7        EV: 13    Int: 11    God:    Wu Jian [*.....]
Gold:   68         SH:  0    Dex: 15    Spells: 5/5 levels left

rFire    . . .     SeeInvis .   a - +0 rapier
rCold    . . .     Gourm    .   (no shield)
rNeg     . . .     Faith    .   b - +0 leather armour
rPois    .         Spirit   +   N - +0 helmet of Letweb {Int+3}
rElec    .         Reflect  .   (no cloak)
rCorr    .         Harm     .   (no gloves)
MR       .....                  (no boots)
Stlth    +.........             (no amulet)
HPRegen  0.50/turn              (no ring)
MPRegen  0.10/turn              (no ring)

@: no status effects
A: fangs 2, regeneration 1, magic shield, antimagic bite, no potion heal 3, rot
immunity
a: Renounce Religion


You were on level 3 of the Dungeon.
You worshipped Wu Jian.
Wu Jian was aware of your devotion.
You were not hungry.

You visited 1 branch of the dungeon, and saw 3 of its levels.

You collected 68 gold pieces.

Inventory:

Hand Weapons
 a - a +0 rapier (weapon)
Missiles
 Z - 3 throwing nets (quivered)
Armour
 b - a +0 leather armour (worn)
 N - the +0 helmet of Letweb (worn) {Int+3}
   (You took it off Robin on level 2 of the Dungeon)

   It affects your intelligence (+3).
Jewellery
 I - an uncursed ring of magical power {unknown}
 O - an uncursed ring of positive energy {unknown}
Scrolls
 K - a scroll of remove curse {unknown}
 P - 2 scrolls of enchant armour {unknown}
 S - a scroll of immolation {unknown}
 U - a scroll of random uselessness {unknown}
 V - 3 scrolls of identify {unknown}
 W - a scroll of enchant weapon {unknown}
 X - a scroll of fear {unknown}
 Y - a scroll of blinking {unknown}
Potions
 J - a potion of curing {unknown}
 L - a potion of resistance
 M - 2 potions of magic {unknown}
 Q - 2 potions of flight {unknown}
 T - a potion of cancellation {unknown}
Comestibles
 f - 5 rations
 R - 7 chunks of flesh


   Skills:
 + Level 3.3 Fighting
 + Level 3.9 Short Blades
 - Level 1.7 Throwing
 + Level 2.3 Armour
 + Level 3.5 Dodging


You had 5 spell levels left.
You didn't know any spells.

Dungeon Overview and Level Annotations

Branches:
Dungeon (3/15)

Altars:
Wu Jian


Innate Abilities, Weirdness & Mutations

You have extremely sharp teeth.
Your natural rate of healing is unusually fast.
When hurt, damage is shared between your health and your magic reserves.
Your bite disrupts and absorbs the magic of your enemies.
Potions cannot restore your health.
You are immune to rotting.


Message History

There is a stone staircase leading up, spattered with blood here!
Unknown command!
You spit the gnoll like a butt! You bite the gnoll!
Butt drain its power!
You feel invigorated!
The gnoll is almost dead!
The gnoll butts you! The gnoll hits you with a halberd!!!
The gnoll hits you with a spear!
You stick the gnoll like a pincushion!!!
You annihilate the gnoll!!!
The Council roars: ANNIHILATED!
The goblin hits butt!
The gnoll hits you with a spear!!! * * * don't die
* * * The gnoll barely misses you!
Unknown command!
You spin and attack the goblin!
Butt butt the goblin like a pig!
You annihilate the goblin!!!
The Council roars: ANNIHILATED!
The gnoll closely misses you!
The gnoll hits butt butt afar with a halberd!!! rip

###.......##### ..
#.......#...# ....)
#......##...# .....
#......##...###.....
#......# ..<.......
#......# #........
###......####....###
...................#
................@)g#
................†<.#
.................g.### ...
######.............#.###.>.
####.......(..#......(
#..........#.##..
#......)...........#
#...#####..)..#..# #...#
#.###.#..#


You could see 2 gnolls.

Vanquished Creatures
  Sigmund (D:3)
  Robin (D:2)
  2 gnolls (D:3)
  5 adders (D:2)
  A dart slug (D:2)
  3 worms
  2 leopard geckos
  A giant cockroach (D:1)
  14 goblins
  8 hobgoblins
  9 jackals
  5 kobolds
  A ball python (D:2)
  8 bats
  7 frilled lizards
  3 rats (D:1)
71 creatures vanquished.

Notes
Turn   | Place    | Note
-------+----------+-------------------------------------------
     0 | D:1      | Gorglomux the Vine Stalker Gladiator began the quest for the Orb.
     0 | D:1      | Reached XP level 1. HP: 11/11 MP: 2/2
   150 | D:1      | Reached XP level 2. HP: 10/15 MP: 1/3
   299 | D:1      | Reached skill level 3 in Short Blades
   362 | D:1      | Reached XP level 3. HP: 8/18 MP: 4/4
   665 | D:1      | Reached skill level 1 in Armour
   744 | D:2      | Found an ornate altar of the Wu Jian Council.
   761 | D:2      | Became a worshipper of the Wu Jian Council
  1145 | D:2      | Gained mutation: Your natural rate of healing is unusually fast. [Vine Stalker growth]
  1145 | D:2      | Reached XP level 4. HP: 20/23 MP: 5/5
  1358 | D:2      | Reached skill level 3 in Dodging
  1428 | D:2      | Noticed Robin
  1473 | D:2      | Reached * piety under Wu Jian
  1479 | D:2      | Killed Robin
  1479 | D:2      | Reached XP level 5. HP: 27/27 MP: 6/6
  1520 | D:2      | Got a heavily runed helmet
  1531 | D:2      | Identified the +0 helmet of Letweb {Int+3} (You took it off Robin on level 2 of the Dungeon)
  1852 | D:3      | Noticed Sigmund
  1871 | D:3      | Killed Sigmund
  1871 | D:3      | Reached skill level 3 in Fighting
  1871 | D:3      | Reached XP level 6. HP: 32/32 MP: 7/7
  1931 | D:3      | Slain by a gnoll

Skill      XL: |  1  2  3  4  5 |
---------------+----------------+-----
Fighting       | 2 3 |  3.3
Short Blades   | 3 |  3.9
Armour         | 1 2 |  2.3
Dodging        | 3 |  3.5
Throwing       | |  1.7

Action                   |  1- 3 |  4- 6 || total
-------------------------+-------+-------++-------
Melee: Rapier            |   113 |    96 ||   209
       Bite              |    25 |    32 ||    57
Throw: Throwing net      |     1 |       ||     1
Invok: Lunge             |     2 |     9 ||    11
       Whirlwind         |       |    10 ||    10
 Stab: Held in net/web   |     1 |       ||     1
       Distracted        |     1 |       ||     1
  Eat: Chunk             |     1 |     3 ||     4
Armor: Leather armour    |    40 |    14 ||    54
Dodge: Dodged            |    95 |    86 ||   181
